 Dungeon Crawl Stone Soup version 0.27.1-2-g3b301248ec (webtiles) character file.

Game seed: 9689489094282674597

501 Borgoz the Slasher (level 6, 0/84 HPs)
             Began as a Minotaur Berserker on Sept 26, 2021.
             Was a Believer of Trog.
             Slain by an ogre (29 damage)
             ... on level 4 of the Dungeon.
             The game lasted 00:02:18 (3054 turns).

Borgoz the Slasher (Minotaur Berserker)             Turns: 3054, Time: 00:02:19

Health: 0/84       AC:  9    Str: 22    XL:     6   Next: 95%
Magic:  5/5        EV:  9    Int:  4    God:    Trog [**....]
Gold:   94         SH:  4    Dex: 11    Spells: 5/5 levels left

rFire    . . .     SeeInvis .   a - +0 falchion
rCold    . . .     Faith    .   c - +0 buckler
rNeg     . . .     Spirit   .   j - +0 chain mail
rPois    .         Reflect  .   (helmet restricted)
rElec    .         Harm     .   (no cloak)
rCorr    +         Rampage  .   (no gloves)
Will     .....                  (no boots)
Stlth    ..........             (no amulet)
HPRegen  0.24/turn              b - ring of resist corrosion
MPRegen  0.09/turn              (no ring)

@: berserking, very quick
A: horns 2, retaliatory headbutt
a: Renounce Religion, Berserk, Trog's Hand


You were on level 4 of the Dungeon.
You worshipped Trog.
Trog was pleased with you.
You visited 1 branch of the dungeon, and saw 4 of its levels.

You collected 94 gold pieces.

Inventory:

Hand Weapons
 a - a +0 falchion (weapon)
Armour
 c - a +0 buckler (worn)
 j - a +0 chain mail (worn)
Jewellery
 b - a ring of resist corrosion (left hand)
Wands
 n - a wand of paralysis (4)
Scrolls
 e - a scroll of enchant armour {unknown}
 f - a scroll of holy word {unknown}
 g - a scroll of identify {unknown}
 i - a scroll of summoning {unknown}
 k - a scroll of amnesia {unknown}
 l - a scroll of magic mapping {unknown}
Potions
 d - a potion of invisibility {unknown}
 h - a potion of magic {unknown}
 m - a potion of flight {unknown}
 o - a potion of attraction {unknown}


   Skills:
 * Level 5.3 Fighting
 * Level 5.5 Long Blades
 * Level 4.8 Armour
 * Level 4.2 Dodging
 + Level 2.5 Shields


You had 5 spell levels left.
You didn't know any spells.
Your spell library was empty.

Dungeon Overview and Level Annotations

Branches:
Dungeon (4/15)
 Temple: D:4-7

Altars:


Innate Abilities, Weirdness & Mutations

You have a pair of horns on your head.
You reflexively headbutt those who attack you in melee.


Message History

Reactivating autopickup.
You feel a bit more experienced.
You hit the orc.
The orc is lightly wounded.
The orc hits you with a +0 short sword.
You hit the orc. You headbutt the orc.
You kill the orc!
Trog accepts your kill.
You slash the orc!
You kill the orc!
Trog accepts your kill.
You hit the orc priest.
The orc priest is moderately wounded.
The orc priest barely misses you.
You riposte.
You hit the orc priest.
The orc priest is moderately wounded.
You closely miss the orc priest. You headbutt the orc priest!
The orc priest is almost dead.
You block the orc priest's attack.
You hit the orc priest.
You kill the orc priest!
Trog accepts your kill.
You barely miss the ogre.
The ogre hits you with a +0 giant spiked club.
You hit the ogre but do no damage. You headbutt the ogre.
The ogre is moderately wounded.
The ogre closely misses you. You furiously retaliate!
You headbutt the ogre. You barely miss the ogre.
You headbutt the ogre, but do no damage.
The ogre is heavily wounded.
The ogre hits you with a +0 giant spiked club!!
You are too injured to fight recklessly!
You are too injured to fight recklessly!
You are too injured to fight recklessly!
You are too injured to fight recklessly!
You hit the ogre.
The ogre is severely wounded.
A red film seems to cover your vision as you go berserk!
You feel yourself moving faster!
You feel mighty!
The ogre hits you with a +0 giant spiked club!!
You die...

###
[.#
#.#
#.#
#.#
#.#
#O#
#@#
#.####
#...<#
######


You could see an ogre.

Vanquished Creatures
  The ghost of ABBCCCDDDD the Poker, an amateur OpGl (D:3)
  A water moccasin skeleton (D:3)
  2 bullfrog skeletons (D:3)
  3 orc priests
  A centaur skeleton (D:3)
  An orc wizard (D:4)
  A killer bee zombie (D:3)
  4 gnolls (D:3)
  An adder (D:3)
  A worm (D:2)
  A dart slug (D:1)
  10 orcs
  2 bats (D:1)
  7 endoplasms
  3 giant cockroaches (D:3)
  4 hobgoblins
  A kobold (D:2)
  3 quokkas
  5 ball pythons
  2 frilled lizards (D:1)
  5 goblins
  3 rats
62 creatures vanquished.

Notes
Turn   | Place    | Note
-------+----------+-------------------------------------------
     0 | D:1      | Borgoz the Minotaur Berserker began the quest for the Orb.
     0 | D:1      | Reached XP level 1. HP: 19/19 MP: 0/0
   143 | D:1      | Found a faded altar of an unknown god.
   612 | D:1      | Reached XP level 2. HP: 25/27 MP: 1/1
  1130 | D:2      | Reached skill level 1 in Shields
  1181 | D:2      | Reached XP level 3. HP: 33/33 MP: 2/2
  1294 | D:2      | Reached ** piety under Trog
  1758 | D:3      | Found a runed translucent gate.
  1759 | D:3      | Found a runed translucent gate.
  1760 | D:3      | Found a runed translucent gate.
  1767 | D:3      | Noticed ABBCCCDDDD's ghost (amateur OpGl)
  1984 | D:3      | Reached XP level 4. HP: 38/40 MP: 3/3
  2289 | D:3      | Reached XP level 5. HP: 47/47 MP: 4/4
  2968 | D:3      | Reached skill level 5 in Long Blades
  2973 | D:3      | Killed ABBCCCDDDD's ghost
  2974 | D:3      | Reached skill level 5 in Fighting
  2974 | D:3      | Reached XP level 6. HP: 56/56 MP: 5/5
  3054 | D:4      | Slain by an ogre

Illustrated notes

Levels and vault maps discovered:
D:1:      matt_arrival_spirals, layout_basic,
          chequers_ecumenical_altar_simple_redux, minmay_fountain_box
D:2:      layout_rooms
D:3:      layout_basic, gammafunk_ghost_necromancy
D:4:      layout_basic, gammafunk_ghost_arena

Skill      XL: |  1  2  3  4  5  6 |
---------------+-------------------+-----
Fighting       | 4 5 |  5.3
Long Blades    | 4 5 |  5.5
Shields        | 1 2 |  2.5
Armour         | 3 4 |  4.8
Dodging        | 3 4 |  4.2

Action                   |  1- 3 |  4- 6 || total
-------------------------+-------+-------++-------
Melee: Falchion          |    63 |    60 ||   123
       Headbutt          |    10 |    23 ||    33
Invok: Berserk           |     1 |     3 ||     4
 Stab: Sleeping          |     1 |       ||     1
Armor: Animal skin       |     4 |       ||     4
       Chain mail        |     7 |    21 ||    28
Dodge: Dodged            |    19 |    15 ||    34
Block: Buckler           |     5 |     3 ||     8
       Rpst.: Falchion   |     6 |     8 ||    14
